TOP OF THE 1ST |
Buchanan HS batting - Pitching for Tacoma HS Torchmen : RHP Bryce Borrell
|
Pitching: RHP Bryce Borrell
|
|
Batting: LHB José Martínez
|
0-0: Called Strike 0-1: Swinging Strike 0-2: Ground out 3-1 (Groundball, 3S)
|
Batting: LHB Perry Hayward
|
0-0: Foul Ball, location: 2F 0-1: Called Strike 0-2: Strikes out swinging
|
Batting: RHB Len Valadez
|
0-0: Called Strike 0-1: Ball 1-1: Foul Ball, location: 2F 1-2: Strikes out looking
|
Top of the 1st over - 0 run(s), 0 hit(s), 0 error(s), 0 left on base; Buchanan HS 0 - Tacoma HS 0 |
BOTTOM OF THE 1ST |
Tacoma HS Torchmen batting - Pitching for Buchanan HS : LHP Lawrence Edmonds
|
Pitching: LHP Lawrence Edmonds
|
|
Batting: RHB Kel Turner
|
0-0: Ball 1-0: Ball 2-0: Called Strike 2-1: DOUBLE (Flyball, 9)
|
Batting: LHB Joseph Wood
|
0-0: Ball 1-0: Foul Ball, location: 2F 1-1: Called Strike 1-2: Ground out 6-3 (Groundball, 6) Kel Turner to third
|
Batting: RHB Glenn Browne
|
0-0: Ball 1-0: Ball 2-0: Called Strike 2-1: Ground out 4-3 (Groundball, 4) Kel Turner scores
|
Batting: RHB Jim Lipscomb
|
0-0: Ball 1-0: Ball 2-0: Called Strike 2-1: Foul Ball, location: 2F 2-2: Ball 3-2: Hit by Pitch
|
Batting: RHB David Carter
|
0-0: Ball 1-0: Called Strike 1-1: Ball 2-1: Foul Ball, location: 2F 2-2: Foul Ball, location: 2F 2-2: Ball 3-2: SINGLE (Flyball, 89S) Jim Lipscomb to second Jim Lipscomb to third
|
Batting: LHB Ben Underwood
|
0-0: Ball 1-0: Ball 2-0: Ball 3-0: Base on Balls David Carter to second
|
Batting: LHB John Bell
|
0-0: Fielders Choice at 2nd, 4-6 (Groundball, 34)
|
Bottom of the 1st over - 1 run(s), 2 hit(s), 0 error(s), 2 left on base; Buchanan HS 0 - Tacoma HS 1 |
TOP OF THE 2ND |
Buchanan HS batting - Pitching for Tacoma HS Torchmen : RHP Bryce Borrell
|
Batting: LHB Franklin Jackson
|
0-0: Ball 1-0: Ball 2-0: Ball 3-0: Called Strike 3-1: Base on Balls
|
Batting: RHB William Pérez
|
0-0: Ball 1-0: Called Strike 1-1: Ball 2-1: SINGLE (Groundball, 6MD) Franklin Jackson to second
|
Batting: RHB Ánibal Vega
|
0-0: Called Strike 0-1: Ball 1-1: Called Strike 1-2: Foul Ball, location: 2F 1-2: Strikes out swinging
|
Batting: RHB Jim Williams
|
0-0: Called Strike 0-1: Foul Ball, location: 2F 0-2: Fielders Choice at 2nd, 5-4 (Groundball, 56) Franklin Jackson to third
|
Batting: RHB Dave Burchette
|
0-0: Called Strike 0-1: Foul Ball, location: 2F 0-2: Foul Ball, location: 2F 0-2: Ball 1-2: Ball 2-2: Foul Ball, location: 2F 2-2: SINGLE (Groundball, 56D) Franklin Jackson scores Jim Williams to second
|
Batting: LHB Jeff MacKinney
|
0-0: Ball 1-0: Called Strike 1-1: Ball 2-1: SINGLE (Groundball, 4MD) Jim Williams to third Dave Burchette to second Runner from 3rd tries for Home, SAFE, throw made home
|
Batting: LHB José Martínez
|
0-0: Ball 1-0: Swinging Strike 1-1: Swinging Strike 1-2: Fly out, F7 (Line Drive, 78S)
|
Top of the 2nd over - 2 run(s), 3 hit(s), 0 error(s), 2 left on base; Buchanan HS 2 - Tacoma HS 1 |
BOTTOM OF THE 2ND |
Tacoma HS Torchmen batting - Pitching for Buchanan HS : LHP Lawrence Edmonds
|
Batting: RHB Cristián Ortega
|
0-0: Ball 1-0: SINGLE (Groundball, 34S) (infield hit)
|
Batting: LHB Davis Morgan
|
0-0: Called Strike 0-1: Ball 1-1: Ball 2-1: Foul Ball, location: 2F 2-2: Fly out, F7 (Flyball, 7)
|
Batting: RHB Kel Turner
|
0-0: Called Strike 0-1: Swinging Strike 0-2: Ball 1-2: Strikes out swinging
|
Batting: LHB Joseph Wood
|
0-0: Ball Cristián Ortega is caught stealing 2nd base
|
Bottom of the 2nd over - 0 run(s), 1 hit(s), 0 error(s), 0 left on base; Buchanan HS 2 - Tacoma HS 1 |
TOP OF THE 3RD |
Buchanan HS batting - Pitching for Tacoma HS Torchmen : RHP Bryce Borrell
|
Batting: LHB Perry Hayward
|
0-0: Ball 1-0: Ball 2-0: Ground out U3 (Groundball, 3L)
|
Batting: RHB Len Valadez
|
0-0: Ball 1-0: Called Strike 1-1: Foul Ball, location: 2F 1-2: Strikes out swinging
|
Batting: LHB Franklin Jackson
|
0-0: Ball 1-0: Foul Ball, location: 2F 1-1: Foul Ball, location: 2F 1-2: Ball 2-2: Ball 3-2: Base on Balls
|
Batting: RHB William Pérez
|
0-0: Called Strike 0-1: Swinging Strike 0-2: Ball 1-2: Ball 2-2: Foul Ball, location: 2F 2-2: Strikes out swinging
|
Top of the 3rd over - 0 run(s), 0 hit(s), 0 error(s), 1 left on base; Buchanan HS 2 - Tacoma HS 1 |
BOTTOM OF THE 3RD |
Tacoma HS Torchmen batting - Pitching for Buchanan HS : LHP Lawrence Edmonds
|
Batting: LHB Joseph Wood
|
0-0: Ball 1-0: Called Strike 1-1: Called Strike 1-2: Ball 2-2: SOLO HOME RUN (Flyball, 9LD), Distance : 351 ft
|
Batting: RHB Glenn Browne
|
0-0: Swinging Strike 0-1: Ball 1-1: Foul Ball, location: 2F 1-2: Strikes out swinging
|
Batting: RHB Jim Lipscomb
|
0-0: Called Strike 0-1: Ball 1-1: Called Strike 1-2: SINGLE (Groundball, 34D)
|
Batting: RHB David Carter
|
0-0: Ball 1-0: Ball 2-0: Foul Ball, location: 2F 2-1: Foul Ball, location: 2F 2-2: Strikes out swinging
|
Batting: LHB Ben Underwood
|
0-0: Called Strike 0-1: Ball 1-1: SINGLE (Flyball, 8LS) Jim Lipscomb to second
|
Batting: LHB John Bell
|
0-0: Called Strike 0-1: Hit by Pitch Jim Lipscomb to third Ben Underwood to second
|
Batting: RHB Cristián Ortega
|
0-0: Ball 1-0: Called Strike 1-1: Ball 2-1: Swinging Strike 2-2: Ball 3-2: Base on Balls Jim Lipscomb scores Ben Underwood to third John Bell to second
|
Batting: LHB Davis Morgan
|
0-0: Ball 1-0: SINGLE (Groundball, 3S) (infield hit) Ben Underwood scores John Bell to third Cristián Ortega to second
|
Batting: RHB Kel Turner
|
0-0: Called Strike 0-1: Foul Ball, location: 2F 0-2: SINGLE (Flyball, 9LM) John Bell scores Cristián Ortega to third Davis Morgan to second Runner from 3rd tries for Home, SAFE, no throw
|
Batting: LHB Joseph Wood
|
0-0: Ball 1-0: Called Strike 1-1: Fly out, F8 (Flyball, 8LM)
|
Bottom of the 3rd over - 5 run(s), 5 hit(s), 0 error(s), 2 left on base; Buchanan HS 2 - Tacoma HS 6 |
TOP OF THE 4TH |
Buchanan HS batting - Pitching for Tacoma HS Torchmen : RHP Bryce Borrell
|
Batting: RHB Ánibal Vega
|
0-0: Foul Ball, location: 2F 0-1: Ball 1-1: Foul Ball, location: 2F 1-2: Ball 2-2: Strikes out swinging
|
Batting: RHB Jim Williams
|
0-0: Ball 1-0: Reached on error, E4 (Groundball, 4)
|
Batting: RHB Dave Burchette
|
0-0: Ball 1-0: Foul Ball, location: 2F 1-1: SINGLE (Groundball, 6MD) Jim Williams to second
|
Batting: LHB Jeff MacKinney
|
0-0: SINGLE (Groundball, 6MD) Jim Williams to third Dave Burchette to second Runner from 3rd tries for Home, SAFE, throw made home
|
Batting: LHB José Martínez
|
0-0: SINGLE (Line Drive, 78S) Dave Burchette to third Jeff MacKinney to second Runner from 3rd tries for Home, SAFE, no throw
|
Batting: LHB Perry Hayward
|
0-0: Called Strike 0-1: Ball 1-1: Ball 2-1: Swinging Strike 2-2: Ball 3-2: Foul Ball, location: 2F 3-2: Fielders Choice at 2nd, 4-6 (Groundball, 4) Jeff MacKinney to third
|
Pitching: LHP Bob Lynch
|
|
Batting: RHB Len Valadez
|
0-0: Ball 1-0: Called Strike 1-1: Ball 2-1: Fly out, F9 (Flyball, 9LMF)
|
Top of the 4th over - 2 run(s), 3 hit(s), 1 error(s), 2 left on base; Buchanan HS 4 - Tacoma HS 6 |
BOTTOM OF THE 4TH |
Tacoma HS Torchmen batting - Pitching for Buchanan HS : LHP Lawrence Edmonds
|
Batting: RHB Glenn Browne
|
0-0: Called Strike 0-1: Ball 1-1: Called Strike 1-2: Ball 2-2: Foul Ball, location: 2F 2-2: Ball 3-2: SINGLE (Line Drive, 4MD)
|
Pitching: RHP Garth Zapata
|
|
Batting: RHB Jim Lipscomb
|
0-0: Ball Glenn Browne is caught stealing 2nd base 1-0: Ball 2-0: Called Strike 2-1: Ball 3-1: Foul Ball, location: 2F 3-2: Base on Balls
|
Batting: RHB David Carter
|
0-0: Swinging Strike 0-1: Ball 1-1: Swinging Strike 1-2: Ball Wild Pitch! Jim Lipscomb to second 2-2: Foul Ball, location: 2F 2-2: Ball 3-2: Foul Ball, location: 2F 3-2: Base on Balls
|
Batting: LHB Ben Underwood
|
0-0: Called Strike 0-1: Ball 1-1: Ball 2-1: Foul Ball, location: 2F 2-2: Ball 3-2: Foul Ball, location: 2F 3-2: Strikes out swinging
|
Batting: LHB John Bell
|
0-0: Swinging Strike 0-1: Foul Ball, location: 2F 0-2: DOUBLE (Groundball, 3L) Jim Lipscomb scores David Carter to third
|
Batting: RHB Cristián Ortega
|
0-0: Called Strike 0-1: Ball 1-1: SINGLE (Line Drive, 4D) David Carter scores John Bell to third Runner from 3rd tries for Home, SAFE, no throw
|
Batting: LHB Davis Morgan
|
0-0: Called Strike 0-1: Ball 1-1: Foul Ball, location: 2F 1-2: Ball 2-2: Ground out 4-3 (Groundball, 34)
|
Bottom of the 4th over - 3 run(s), 3 hit(s), 0 error(s), 1 left on base; Buchanan HS 4 - Tacoma HS 9 |
TOP OF THE 5TH |
Buchanan HS batting - Pitching for Tacoma HS Torchmen : LHP Bob Lynch
|
Batting: LHB Franklin Jackson
|
0-0: Ball 1-0: Ball 2-0: Called Strike 2-1: Single, Error in OF, E7, batter to second base
|
Batting: RHB William Pérez
|
0-0: Called Strike 0-1: Ball 1-1: Foul Ball, location: 2F 1-2: Ball 2-2: Foul Ball, location: 2F 2-2: Foul Ball, location: 2F 2-2: Strikes out swinging
|
Batting: RHB Ánibal Vega
|
0-0: Called Strike 0-1: Foul Ball, location: 2F 0-2: Ground out 4-3 (Groundball, 4) Franklin Jackson to third
|
Batting: RHB Jim Williams
|
0-0: Called Strike 0-1: Ball 1-1: SINGLE (Groundball, 3D) Franklin Jackson scores
|
Batting: RHB Dave Burchette
|
0-0: Ball 1-0: Called Strike 1-1: Swinging Strike 1-2: Foul Ball, location: 2F 1-2: Strikes out swinging
|
Top of the 5th over - 1 run(s), 2 hit(s), 1 error(s), 1 left on base; Buchanan HS 5 - Tacoma HS 9 |
BOTTOM OF THE 5TH |
Tacoma HS Torchmen batting - Pitching for Buchanan HS : RHP Garth Zapata
|
Batting: RHB Kel Turner
|
0-0: Ball 1-0: Called Strike 1-1: Ground out 4-3 (Groundball, 4M)
|
Batting: LHB Joseph Wood
|
0-0: Ball 1-0: Swinging Strike 1-1: Ball 2-1: Foul Ball, location: 2F 2-2: Foul Ball, location: 2F 2-2: Ball 3-2: Base on Balls
|
Batting: RHB Glenn Browne
|
0-0: Swinging Strike 0-1: Fly out, F9 (Flyball, 9)
|
Batting: RHB Jim Lipscomb
|
0-0: Ball 1-0: Foul Ball, location: 2F 1-1: Ball 2-1: Ball 3-1: Called Strike 3-2: Ground out 4-3 (Groundball, 4)
|
Bottom of the 5th over - 0 run(s), 0 hit(s), 0 error(s), 1 left on base; Buchanan HS 5 - Tacoma HS 9 |
TOP OF THE 6TH |
Buchanan HS batting - Pitching for Tacoma HS Torchmen : LHP Bob Lynch
|
Batting: LHB Jeff MacKinney
|
0-0: Ball 1-0: Ground out 4-3 (Groundball, 4)
|
Batting: LHB José Martínez
|
0-0: Ball 1-0: Called Strike 1-1: Ground out U3 (Groundball, 3S)
|
Batting: LHB Perry Hayward
|
0-0: Ball 1-0: SOLO HOME RUN (Line Drive, 9LD), Distance : 352 ft
|
Batting: RHB Len Valadez
|
0-0: Called Strike 0-1: Called Strike 0-2: Foul Ball, location: 2F 0-2: Strikes out swinging
|
Top of the 6th over - 1 run(s), 1 hit(s), 0 error(s), 0 left on base; Buchanan HS 6 - Tacoma HS 9 |
BOTTOM OF THE 6TH |
Tacoma HS Torchmen batting - Pitching for Buchanan HS : RHP Garth Zapata
|
Pitching: RHP Dennis Milton
|
|
Batting: RHB David Carter
|
0-0: Ball 1-0: Ball 2-0: Ball 3-0: Called Strike 3-1: Swinging Strike 3-2: Strikes out looking
|
Batting: LHB Ben Underwood
|
0-0: Ball 1-0: Ball 2-0: Foul Ball, location: 2F 2-1: Ball 3-1: Called Strike 3-2: Base on Balls
|
Batting: LHB John Bell
|
0-0: 2-RUN HOME RUN (Flyball, 89XD), Distance : 408 ft
|
Batting: RHB Cristián Ortega
|
0-0: Foul Ball, location: 2F 0-1: Fly out, F9 (Flyball, 89M)
|
Batting: LHB Davis Morgan
|
0-0: Fly out, F7 (Flyball, 7)
|
Bottom of the 6th over - 2 run(s), 1 hit(s), 0 error(s), 0 left on base; Buchanan HS 6 - Tacoma HS 11 |
TOP OF THE 7TH |
Buchanan HS batting - Pitching for Tacoma HS Torchmen : LHP Bob Lynch
|
Pitching: RHP Rich Puckett
|
|
Batting: LHB Franklin Jackson
|
0-0: Ball 1-0: Ball 2-0: Ball 3-0: Called Strike 3-1: Base on Balls
|
Batting: RHB William Pérez
|
0-0: Ball 1-0: Called Strike 1-1: Ball 2-1: Ball 3-1: Grounds into double play, 4-6-3 (Groundball, 4)
|
Batting: RHB Ánibal Vega
|
0-0: Foul Ball, location: 2F 0-1: Ball 1-1: Foul Ball, location: 2F 1-2: Ball 2-2: Ground out 3-1 (Groundball, 34)
|
Top of the 7th over - 0 run(s), 0 hit(s), 0 error(s), 0 left on base; Buchanan HS 6 - Tacoma HS 11 |
BOTTOM OF THE 7TH |
Tacoma HS Torchmen batting - Pitching for Buchanan HS : RHP Dennis Milton
|
Batting: RHB Kel Turner
|
0-0: Ball 1-0: Swinging Strike 1-1: Ball 2-1: Ball 3-1: Base on Balls
|
Batting: LHB Joseph Wood
|
0-0: Called Strike 0-1: Ball 1-1: Ball 2-1: Foul Ball, location: 2F 2-2: Ball Kel Turner steals 2nd base 3-2: Fly out, F5 (Popup, 5L)
|
Batting: RHB Glenn Browne
|
0-0: Called Strike 0-1: Ball 1-1: Called Strike 1-2: DOUBLE (Groundball, 5L) Kel Turner scores
|
Batting: RHB Jim Lipscomb
|
0-0: Ball 1-0: Swinging Strike 1-1: Ground out 5-3 (Groundball, 5L)
|
Batting: RHB David Carter
|
0-0: Called Strike 0-1: Swinging Strike 0-2: SINGLE (Line Drive, 78S) Glenn Browne to third Runner from 3rd tries for Home, throw and OUT!
|
Bottom of the 7th over - 1 run(s), 2 hit(s), 0 error(s), 1 left on base; Buchanan HS 6 - Tacoma HS 12 |
TOP OF THE 8TH |
Buchanan HS batting - Pitching for Tacoma HS Torchmen : RHP Rich Puckett
|
Batting: RHB Jim Williams
|
0-0: Swinging Strike 0-1: Ball 1-1: Foul Ball, location: 2F 1-2: Strikes out swinging, 2-3 out at first.
|
Batting: RHB Dave Burchette
|
0-0: Ball 1-0: DOUBLE (Line Drive, 78D)
|
Batting: LHB Jeff MacKinney
|
0-0: Ball Wild Pitch! Dave Burchette to third 1-0: Called Strike 1-1: Swinging Strike 1-2: Foul Ball, location: 2F 1-2: Strikes out swinging
|
Batting: LHB José Martínez
|
0-0: Called Strike 0-1: Ground out U3 (Groundball, 34)
|
Top of the 8th over - 0 run(s), 1 hit(s), 0 error(s), 1 left on base; Buchanan HS 6 - Tacoma HS 12 |
BOTTOM OF THE 8TH |
Tacoma HS Torchmen batting - Pitching for Buchanan HS : RHP Dennis Milton
|
Batting: LHB Ben Underwood
|
0-0: Called Strike 0-1: Called Strike 0-2: Ball 1-2: Foul Ball, location: 2F 1-2: Strikes out swinging
|
Batting: LHB John Bell
|
0-0: Ball 1-0: Swinging Strike 1-1: Ball 2-1: Ball 3-1: Foul Ball, location: 2F 3-2: Base on Balls
|
Batting: RHB Cristián Ortega
|
0-0: Ball 1-0: Swinging Strike 1-1: SINGLE (Groundball, 4D) John Bell to second Runner from 2nd tries for 3rd, SAFE, no throw
|
Pitching: RHP Andy Russell
|
|
Batting: LHB Davis Morgan
|
0-0: Ball 1-0: Called Strike 1-1: SINGLE (Flyball, 78S) John Bell scores Cristián Ortega to second
|
Batting: RHB Kel Turner
|
0-0: Ground out 4-3 (Groundball, 4MS) Cristián Ortega to third Davis Morgan to second
|
Batting: LHB Joseph Wood
|
0-0: Ball 1-0: Swinging Strike 1-1: Foul Ball, location: 2F 1-2: Foul Ball, location: 2F 1-2: Ball 2-2: Ball 3-2: Foul Ball, location: 2F 3-2: Foul Ball, location: 2F 3-2: Hit by Pitch
|
Batting: RHB Glenn Browne
|
0-0: Called Strike 0-1: Swinging Strike 0-2: Ball 1-2: Strikes out swinging
|
Bottom of the 8th over - 1 run(s), 2 hit(s), 0 error(s), 3 left on base; Buchanan HS 6 - Tacoma HS 13 |
TOP OF THE 9TH |
Buchanan HS batting - Pitching for Tacoma HS Torchmen : RHP Rich Puckett
|
Batting: LHB Perry Hayward
|
0-0: Called Strike 0-1: Foul Ball, location: 2F 0-2: Strikes out looking
|
Pinch Hitting: SHB Christian Dennis
|
0-0: Ball 1-0: Foul Ball, location: 2F 1-1: Ball 2-1: Ball 3-1: Fly out, F8 (Flyball, 89D)
|
Batting: LHB Franklin Jackson
|
0-0: Ball 1-0: Fly out, F8 (Flyball, 8LM)
|
Top of the 9th over - 0 run(s), 0 hit(s), 0 error(s), 0 left on base; Buchanan HS 6 - Tacoma HS 13 |
|